[Event "Early-Titled-Tuesday-Blitz-May-28-2024"]
[Site "Chess.com"]
[Date "2024.05.28"]
[Round "1"]
[White "francyIM"]
[Black "Daaksboy"]
[Result "1-0"]
[WhiteElo "2818"]
[BlackElo "2462"]
[TimeControl "180+1"]
[EndTime "8:08:28 PDT"]
[Termination "francyIM won by checkmate"]

1. Nf3 Nf6 2. c4 g6 3. b4 Bg7 4.
Bb2 O-O 5. e3 d6 6. d4 Nbd7 7. Be2 c5 8. dxc5 dxc5 9. b5 Ne4 10.
Bxg7 Kxg7 11. O-O a6 12. Qc2 Nd6 13. Qb2+ Kg8 14. Nc3 Nb6 15. bxa6 bxa6 16. Qa3 Qc7 17. Na4 Nxa4 18. Qxa4 Bd7 19. Qc2 Bf5 20. Qc1 Rab8 21. Nd2 Qa5 22. Nb3 Qc7 23. Qc3 Ne4 24. Qc1 Nd6 25. Rd1 Rb4 26. Rd5 Be6 27. Rxc5 Qb6 28. Re5 Bxc4 29. Bxc4 Rxc4 30. Qd1 Qc7 31. h3 Ne4 32.
Ra5 Rd8 33. Qf3 Nd2 34. Nxd2 Rxd2 35. Rxa6 Rcc2 36. Rf1 Rxa2 37. Qa8+ Rd8 38. Rxa2 Rxa8 39.
Rxa8+ Kg7 40. g3 Qc6 41. Rfa1 Qd5 42. h4 h5 43. R8a7 Qe4 44. Rd7 Kf6 45. Ra6+ Kg7 46. Raa7 Kf6 47. Rxe7 Qxe7 48. Rxe7 Kxe7 49. e4 Ke6 50. Kg2 Ke5 51. Kf3 f5 52. exf5 Kxf5 53. Ke3 Ke5 54. f3 Ke6 55. Ke4 Kf6 56. Kf4 Kf7 57. Ke5 Ke7 58. f4 Kf7 59. f5 Kg7 60. Ke6 gxf5 61. Kxf5 Kh6 62. Kf6 Kh7 63. Kg5 Kg7 64.
Kxh5 Kf6 65. Kh6 Kf5 66. h5 Ke4 67. Kg5 Kd5 68. h6 Kd6 69. h7 Kc5 70. h8=Q Kc4 71. Qe5 Kd3 72. Kf4 Kc2 73. Qe3 Kb1 74. Qe2 Ka1 75. Ke3 Kb1 76. Kd3 Ka1 77. Kc3 Kb1 78.
Kb3 Ka1 79. Qf1# 1-0

[Event "Early-Titled-Tuesday-Blitz-May-28-2024"]
[Site "Chess.com"]
[Date "2024.05.28"]
[Round "1"]
[White "NewBornNow"]
[Black "Dexter_Dyke"]
[Result "1-0"]
[WhiteElo "2803"]
[BlackElo "2449"]
[TimeControl "180+1"]
[EndTime "8:08:28 PDT"]
[Termination "NewBornNow won by resignation"]

1. e4 e6 2. d4 a6 3. c4 d5 4. Nc3 Bb4 5. a3 Bxc3+ 6. bxc3 dxe4 7. Qg4 Nf6 8. Qxg7 Rg8 9. Qh6 c5 10. dxc5 Nbd7 11. Qe3 Qa5 12. h3 Nxc5 13. Rb1 Bd7 14.
Qd4 Rg6 15. Be3 b6 16. g4 Bc6 17. g5 Rd8 18. gxf6 Rxd4 19. Bxd4 e3 20. f3 Na4 21. Rb4 e5 22. Bxe3 Nxc3 23. Bd2 Qxa3 24. Rxb6 Qa1+ 25. Kf2 Nd1+ 26. Ke2 Kd7 27. Rb3 e4 28.
fxe4 Bxe4 29. Nf3 Rxf6 30. Bg2 Qa2 31. Ne5+ Kc8 32. Bxe4 Qxb3 33. Rxd1 Qxh3 34. Nf3 Qg2+ 35. Ke3 Re6 36. Rg1 Qh3 37. Kd4 f5 38. Bd5 Rg6 39. Rb1 Qg4+ 40. Kc5 Qg2 41. Bb7+ Kd7 42. Ne5+ Ke6 43.
Bxg2 Rxg2 44. Bc3 f4 45. Rb6+ Kf5 46. Bd4 Ke4 47. Rxa6 f3 48. Rf6 h5 49. Rxf3 h4 50.
Rh3 Rc2 51. Rxh4+ Kf5 52. Nc6 Rc1 53. Rh2 Ke6 54. Re2+ Kf7 55. Re7+ Kg6 56. Ra7 Kf5 57. Kd5 Rh1 58. c5 Rc1 59. Ne7+ Kg5 60. c6 Kh6 61. c7 Kg5 62. Nc6 Rxc6 63. Kxc6 1-0

[Event "Early-Titled-Tuesday-Blitz-May-28-2024"]
[Site "Chess.com"]
[Date "2024.05.28"]
[Round "1"]
[White "Thjop"]
[Black "HouseOfDurin"]
[Result "1-0"]
[WhiteElo "2602"]
[BlackElo "2237"]
[TimeControl "180+1"]
[EndTime "8:08:29 PDT"]
[Termination "Thjop won by resignation"]

1. e4 g6 2. d4 Bg7 3. Nc3 d6 4.
Nge2 a6 5. a4 b6 6. g3 Bb7 7. Bg2 Nd7 8. h4 h6 9. h5 g5 10. f4 gxf4 11. Bxf4 e5 12. Be3 c5 13.
d5 Qe7 14. Qd2 O-O-O 15. O-O-O Ngf6 16. Bh3 Kb8 17. Bf5 Bc8 18. g4 Nh7 19. Rdf1 f6 20. Ng3 Ng5 21. Qd3 Ka7 22. b3 Bf8 23. Kb2 a5 24. Nb5+ Kb8 25. Rf2 Bg7 26. Rhf1 Rhf8 27. Bxg5 fxg5 28. Bxd7 Bxd7 29. Rxf8 Rxf8 30. Rxf8+ Bxf8 31. Nf5 Qf6 32. Qf3 Bxb5 33. axb5 Kc7 34. c3 Kb8 35.
Qd3 Qd8 36. Ka3 Kc7 37. Ka4 Kd7 38. Qf1 Qf6 39. b4 axb4 40. cxb4 Qd8 41. Kb3 Qa8 42.
Ne3 cxb4 43. Qf5+ Ke8 44. Qe6+ Kd8 45. Qf6+ Ke8 46. Nc4 Qa1 47. Qg6+ Kd8 48. Qf6+ Ke8 49. Qf3 Qb1+ 50. Ka4 Qc2+ 51. Kxb4 Qb1+ 52. Kc3 Qxb5 53. Qe3 Qc5 54. Qxc5 bxc5 55. Kb3 Kd7 56. Ka4 Be7 57. Kb5 Bd8 58. Ne3 Kc8 59. Nf5 Kc7 60. Nxh6 Kd7 61. Nf5 Ke8 62. Ne3 Be7 63. Kc6 Kf7 64. Nc4 Bf8 65. Kd7 Kf6 66. Ke8 Kg7 67. Nb6 Kg8 68.
Nd7 c4 69. Nxf8 c3 70. Ng6 Kg7 71. Ne7 c2 72. Nf5+ Kh7 73. Nxd6 c1=Q 74. Nf7 Qc8+ 75.
Ke7 Qxg4 76. d6 Qxe4 77. Nxg5+ Kh6 78. Nxe4 Kxh5 79. d7 Kg4 80. d8=Q Kf4 81. Nf6 e4 82. Qd4 1-0

[Event "Early-Titled-Tuesday-Blitz-May-28-2024"]
[Site "Chess.com"]
[Date "2024.05.28"]
[Round "1"]
[White "LileKoridze"]
[Black "ilqar_74"]
[Result "0-1"]
[WhiteElo "2438"]
[BlackElo "2778"]
[TimeControl "180+1"]
[EndTime "8:08:30 PDT"]
[Termination "ilqar_74 won by resignation"]

1. d4 Nf6 2. c4 e6 3. Nf3 d5 4. g3 Be7 5. Bg2 dxc4 6. O-O O-O 7. Qc2 a6 8. Qxc4 b5 9. Qc2 Bb7 10. a3 Nbd7 11. Nc3 c5 12. dxc5 Bxc5 13. b4 Bb6 14. Bb2 Rc8 15. Rad1 Qe7 16. Qb3 Nd5 17. e3 N7f6 18.
Nd4 Nxc3 19. Bxc3 Bxg2 20. Kxg2 Rc4 21. Bb2 Rfc8 22. Rc1 Qb7+ 23. Kg1 h5 24. h4 Bxd4 25. exd4 Qd5 26. Qe3 Ng4 27. Qf4 Rc2 28. Rxc2 Rxc2 29. Bc1 Rc4 30. Rd1 Nf6 31. Qb8+ Kh7 32. Be3 Qf3 33. Rf1 Ng4 34. Bg5 Rc2 35. Qf4 Qxf4 36.
Bxf4 Rc4 37. Rd1 Nf6 38. Be5 Nd5 39. Rd3 f6 40. Bd6 Kg6 41. Kg2 Kf5 42. Kf3 Rc3 43. Rxc3 Nxc3 44. Bf8 g6 45. Bc5 Nb1 46. Ke3 Nxa3 47.
f3 Nc4+ 48. Kd3 g5 49. hxg5 fxg5 50. Be7 g4 51. fxg4+ hxg4 52. Bh4 Nb6 53. Be7 Nd5 54.
Bd6 Nf6 55. Be5 Ne4 56. Bf4 Nf6 57. Be5 Nd7 58. Bd6 Nb6 59. Bc5 Nc4 60. Be7 Nb2+ 61. Ke3 e5 62. dxe5 Kxe5 63. Bf8 Nc4+ 64. Kd3 Kd5 65. Be7 Ne5+ 66. Ke3 Nc6 67. Bf8 Nd4 68.
Bc5 Nc6 69. Kf4 a5 70. Kxg4 a4 71. Bf8 a3 72. Bg7 Nd4 73. Bxd4 Kxd4 74. Kf5 a2 0-1

[Event "Early-Titled-Tuesday-Blitz-May-28-2024"]
[Site "Chess.com"]
[Date "2024.05.28"]
[Round "1"]
[White "AsaHoffmann"]
[Black "KhBegmuratov"]
[Result "0-1"]
[WhiteElo "2379"]
[BlackElo "2683"]
[TimeControl "180+1"]
[EndTime "8:08:31 PDT"]
[Termination "KhBegmuratov won by resignation"]

1. d4 d5 2. Bg5 h6 3. Bh4 Nd7 4. c4 c6 5. cxd5 cxd5 6. Nc3 Ngf6 7. e3 e6 8. Bd3 a6 9. f4 Be7 10. Nf3 O-O 11. O-O Ne8 12. Bg3 Nd6 13. Ne5 Nf6 14. a4 Bd7 15. Qf3 Rc8 16. Rac1 Qb6 17. Rc2 Bc6 18. Bh4 Qb4 19. f5 exf5 20. Bxf5 Nxf5 21. Qxf5 Qd6 22. Rcf2 Bd8 23. Bg3 Qe6 24. Qd3 Be7 25. Ne2 Bxa4 26. Nf4 Qb6 27. Qf5 Bb5 28. Re1 Bd6 29.
Bh4 Bxe5 30. dxe5 Bd7 31. Qd3 Ng4 32. Nxd5 Nxf2 33. Bxf2 Qe6 34. e4 Bc6 35. Qf3 Rfe8 36. h3 Rcd8 37. Nf4 Qxe5 38. Bg3 Qxb2 39. Kh2 a5 40.
Rf1 a4 41. Nh5 Rf8 42. Bh4 Rde8 43. Qg3 Re6 44. Rf4 Rg6 45. Rg4 Rxg4 46. Qxg4 Qe5+ 47. Bg3 Qg5 48. Qf3 Bxe4 49. Qe2 a3 50. Qxe4 Qxh5 51. Be5 a2 52. Ba1 Qg6 53. Qd4 Re8 54. h4 Kh7 55. Qd7 Re2 56. Qd5 h5 57. Kg1 Re4 58. Kf2 Rf4+ 59.
Ke3 Rxh4 60. Qe5 Rg4 61. g3 Rxg3+ 62. Kd4 Qd3+ 63. Kc5 Qg6 64. Kb5 Rg5 65. Kb4 Rxe5 66. Bxe5 Qb1+ 67. Kc5 a1=Q 0-1

[Event "Early-Titled-Tuesday-Blitz-May-28-2024"]
[Site "Chess.com"]
[Date "2024.05.28"]
[Round "1"]
[White "Grebnev_A"]
[Black "mishanick"]
[Result "0-1"]
[WhiteElo "2537"]
[BlackElo "3053"]
[TimeControl "180+1"]
[EndTime "8:08:32 PDT"]
[Termination "mishanick won by resignation"]

1. Nf3 d5 2. e3 Nf6 3. c4 e6 4. b3 Be7 5. Nc3 O-O 6. Bb2 c5 7.
cxd5 exd5 8. d4 Nc6 9. dxc5 Bxc5 10. Be2 d4 11. exd4 Nxd4 12. Nxd4 Bxd4 13. O-O Be5 14. Qxd8 Rxd8 15. Rfd1 Bg4 16. Bxg4 Nxg4 17. h3 Nf6 18. Kf1 Bxc3 19. Bxc3 Ne4 20. Be1 f6 21. Rxd8+ Rxd8 22. Rc1 Rd7 23. f3 Ng5 24. Rc2 Ne6 25. Bf2 a6 26.
Be3 Kf7 27. Ke2 h5 28. g4 hxg4 29. hxg4 g5 30. a4 Kg6 31. Rc8 Nc7 32. Bd2 Nd5 33.
Rc4 Rh7 34. Rd4 Rd7 35. Kd3 Kf7 36. Ke2 Re7+ 37. Kd3 Rd7 38. Ke2 Ke6 39. Re4+ Kd6 40. Bb4+ Kc7 41. Rc4+ Kd8 42. Ba5+ Ke7 43. Bb4+ Kf7 44.
Bd2 Ne7 45. Bc3 Kg6 46. Re4 Nd5 47. Bd2 Nc7 48. Bc3 Kf7 49. Rc4 Ne6 50. Ke3 Nf4 51.
Bd4 Kg6 52. Kf2 Rh7 53. Be3 Nd3+ 54. Kg3 Re7 55. Bd4 Re2 56. Rc7 Nf4 57. Bf2 b5 58. axb5 axb5 59. Rb7 b4 60. Rb8 Rc2 61. Rb6 Ra2 62. Rb8 Ne2+ 63. Kg2 Rb2 64. Bc5 Nf4+ 65.
Kf1 Rxb3 66. Bf8 Rxf3+ 67. Ke1 b3 68. Rb7 Ne6 69. Ba3 Rf4 70. Rxb3 Rxg4 71. Rb6 Nf4 72. Bb2 Nd3+ 73. Ke2 Nxb2 74. Kf3 Rf4+ 75. Kg3 Nc4 0-1

[Event "Early-Titled-Tuesday-Blitz-May-28-2024"]
[Site "Chess.com"]
[Date "2024.05.28"]
[Round "1"]
[White "Renatoforf"]
[Black "Kumi29"]
[Result "1/2-1/2"]
[WhiteElo "2086"]
[BlackElo "2560"]
[TimeControl "180+1"]
[EndTime "8:08:33 PDT"]
[Termination "Game drawn - insufficient material"]

1. e4 e5 2. Nc3 Nf6 3. Bc4 Bc5 4. d3 d6 5. f4 Nc6 6. Nf3 Ng4 7. Ng5 Nf2 8. Qh5 g6 9. Qh6 Nxh1 10. Qg7 Qe7 11. Qxh8+ Kd7 12. Qxh7 Nb4 13. Nd5 Nxd5 14. Bxd5 c6 15.
Bxf7 Kc7 16. Bxg6 Qxh7 17. Bxh7 Nf2 18. f5 Ng4 19. h3 Nf6 20. Bg6 Bd7 21. Bd2 Rg8 22. Ke2 a5 23. Bxa5+ b6 24. Bd2 d5 25. Kf3 dxe4+ 26. Nxe4 Be7 27. Bc3 Nxe4 28. Bxe5+ Nd6 29. g4 Kd8 30. Bh5 c5 31. Rg1 Bc6+ 32. Ke2 c4 33.
f6 cxd3+ 34. cxd3 Bf8 35. g5 Nf5 36. g6 Bd5 37. g7 Bc5 38. f7 Bxg1 39. fxg8=Q+ Bxg8 40. b3 Bd4 41. Bxd4 Nxd4+ 42. Kf2 Nf5 43. Bf3 Nxg7 44.
Ke3 Kc7 45. Kd4 Nf5+ 46. Ke5 Ne3 47. h4 Nc2 48. Be4 Nb4 49. a3 Na6 50. b4 Nb8 51. Kf6 Nd7+ 52. Kg7 Be6 53. h5 Ne5 54. h6 Nf7 55. h7 Kd6 56. h8=Q Nxh8 57. Kxh8 Ke5 58. Kg7 Kd4 59. Kf6 Bd7 60. Ke7 Ba4 61. Kd6 Kc3 62. Kc7 b5 63. Bc6 Kb3 64. Bxb5 Bxb5 65. d4 Kxa3 66. d5 Kxb4 67. d6 Kc5 68. d7 Bxd7 1/2-1/2

[Event "Early-Titled-Tuesday-Blitz-May-28-2024"]
[Site "Chess.com"]
[Date "2024.05.28"]
[Round "1"]
[White "klercaku"]
[Black "ansko1999"]
[Result "1/2-1/2"]
[WhiteElo "2288"]
[BlackElo "2599"]
[TimeControl "180+1"]
[EndTime "8:08:35 PDT"]
[Termination "Game drawn - insufficient material"]

1. e4 c5 2. Nf3 Nf6 3. Nc3 d5 4.
exd5 Nxd5 5. d4 Nxc3 6. bxc3 cxd4 7. cxd4 g6 8. Bc4 Bg7 9. c3 O-O 10. O-O Qc7 11. Qb3 Nc6 12. Qc2 Bf5 13. Bd3 Nb4 14.
cxb4 Qxc2 15. Bxc2 Bxc2 16. Be3 Be4 17. Nd2 Bd5 18.
Rac1 Rfc8 19. a3 b6 20. Rfe1 Bf6 21. f3 Kf8 22. Ne4 Bg7 23. Nc3 Bc4 24. Ne4 h6 25.
Rc3 Be6 26. Rec1 Rxc3 27. Rxc3 Rc8 28. Rxc8+ Bxc8 29. Kf1 Ba6+ 30. Ke1 Ke8 31. Kd2 Bc4 32.
Kc3 Bd5 33. Bf4 Kd7 34. b5 f5 35. Nd2 e6 36. Bb8 Kc8 37. Bf4 g5 38. Bd6 Kd7 39. Bb8 Kc8 40. Bd6 h5 41. Nc4 g4 42. fxg4 hxg4 43.
g3 Bh6 44. Nd2 Be3 45. Be5 Kb7 46. Nf1 Bf2 47. Nd2 Bg1 48. Nc4 Bxc4 49. Kxc4 Bxh2 50. d5 exd5+ 51. Kxd5 a6 52. bxa6+ Kxa6 53. Ke6 Kb5 54.
Kxf5 Ka4 55. Bd6 Bg1 56. Kxg4 Bc5 57. Be5 Kxa3 58. Kf5 Be3 59. g4 b5 60. Ke4 Bd2 61. Kd3 Bg5 62. Ke4 b4 63. Kf5 Be7 64. g5 Bxg5 65.
Kxg5 b3 66. Bc3 Ka2 67. Bf6 Kb1 68. Kf4 Kc2 69. Ke3 b2 70. Bxb2 1/2-1/2

[Event "Early-Titled-Tuesday-Blitz-May-28-2024"]
[Site "Chess.com"]
[Date "2024.05.28"]
[Round "1"]
[White "fastestmindalive"]
[Black "urano56"]
[Result "1-0"]
[WhiteElo "2730"]
[BlackElo "2410"]
[TimeControl "180+1"]
[EndTime "8:08:38 PDT"]
[Termination "fastestmindalive won by checkmate"]

1. e4 c5 2. Nf3 d6 3. d4 cxd4 4. Nxd4 Nf6 5. Nc3 a6 6. a4 e5 7. Nf3 Be7 8. Bg5 Nbd7 9. a5 O-O 10. Nd2 Nc5 11. Bxf6 Bxf6 12. Nc4 Be7 13. Ne3 Be6 14. Be2 g6 15. O-O f5 16. exf5 gxf5 17.
Bc4 Kh8 18. Bxe6 Nxe6 19. Qd5 Qc8 20. Kh1 Nf4 21. Qc4 Qd7 22. Ned5 Rac8 23. Qa4 Qxa4 24. Rxa4 Nxd5 25. Nxd5 Bg5 26. c3 Rc5 27. Nb6 Rf7 28. Rd1 Rc6 29. Rc4 Rfc7 30. Rxc6 Rxc6 31. g3 Bd8 32.
Nd5 Bxa5 33. Ne7 Rc7 34. Nxf5 Rf7 35. g4 Bc7 36. Kg2 Rd7 37. Kf3 Kg8 38. Ke4 Kf7 39.
Kd5 Kf6 40. h4 h5 41. f3 Rd8 42. Ng3 hxg4 43. fxg4 Rg8 44. Ne4+ Ke7 45. g5 Rh8 46. Rh1 Kd7 47. h5 Rf8 48. Nf6+ Ke7 49. h6 Kf7 50. h7 Rh8 51. Rg1 Kg6 52. Ke6 Bd8 53. Rg4 b5 54. b4 Kg7 55. Kf5 Bxf6 56. gxf6+ Kxh7 57. Rg7+ Kh6 58. Rg1 Re8 59. Rh1# 1-0

[Event "Early-Titled-Tuesday-Blitz-May-28-2024"]
[Site "Chess.com"]
[Date "2024.05.28"]
[Round "1"]
[White "McCarthyStone"]
[Black "Wizard_97"]
[Result "1/2-1/2"]
[WhiteElo "2420"]
[BlackElo "2730"]
[TimeControl "180+1"]
[EndTime "8:08:40 PDT"]
[Termination "Game drawn by repetition"]

1. b3 e5 2. Bb2 Nc6 3. e3 Nf6 4.
Bb5 Bd6 5. Ne2 O-O 6. O-O a6 7. Bxc6 dxc6 8. d3 Re8 9. Nd2 Bg4 10. h3 Bh5 11. e4 Qd7 12. Nc4 Rad8 13. Qd2 h6 14.
Ng3 Bg6 15. Nxd6 Qxd6 16. Qe3 c5 17. a4 a5 18. f4 exf4 19. Qxf4 Qxf4 20. Rxf4 Nd7 21.
Nf5 Bxf5 22. Rxf5 f6 23. Raf1 b6 24. g4 Nf8 25. e5 fxe5 26. Bxe5 Rd7 27. Bg3 Rde7 28.
R1f2 Ne6 29. Bh4 g5 30. Bg3 Nd4 31. Rf6 Kg7 32. Kg2 Rd7 33. h4 Re3 34. h5 Rde7 35.
Rg6+ Kh7 36. Rff6 Re2+ 37. Kh3 R7e6 38. Rxh6+ Kg7 39. Rhg6+ Kh7 40. Rf7+ Kh8 41. Rf8+ Kh7 42. Rf7+ Kh8 43. Rxg5 R2e3 44. Rf8+ Kh7 45. Rgg8 Ne2 46. Rh8+ Kg7 47. Rfg8+ Kf7 48. Rf8+ Ke7 49. Re8+ Kd7 50. Rxe6 Rxe6 51. Rh7+ Kc6 52. Rxc7+ Kd5 53. Rf7 Re3 54. Rf5+ Kd4 55. h6 Nxg3 56. Kh4 Nxf5+ 57. gxf5 Ke5 58. h7 Re1 59. Kg5 Rh1 60. Kg6 Rg1+ 61. Kf7 Rh1 62. Kg6 Rg1+ 63. Kf7 Rh1 64. Kg6 1/2-1/2

[Event "Early-Titled-Tuesday-Blitz-May-28-2024"]
[Site "Chess.com"]
[Date "2024.05.28"]
[Round "1"]
[White "GambitGiesbergen"]
[Black "KogotBobra17"]
[Result "0-1"]
[WhiteElo "2352"]
[BlackElo "2656"]
[TimeControl "180+1"]
[EndTime "8:08:41 PDT"]
[Termination "KogotBobra17 won by checkmate"]

1. d4 Nf6 2. c4 e5 3. dxe5 Ng4 4.
Nc3 Nc6 5. Nf3 Bc5 6. e3 O-O 7. Be2 Re8 8. a3 a5 9. Qc2 Ngxe5 10. b3 Nxf3+ 11. Bxf3 Ne5 12. Be2 Qg5 13. Bb2 Qxg2 14.
O-O-O Qxf2 15. Kb1 d6 16. Ne4 Qxe3 17. Bc1 Qh3 18.
Rdf1 h6 19. Bb2 Ba7 20. c5 d5 21. Nc3 c6 22. Na4 Bg4 23. Bxg4 Qxg4 24. Ka2 Qe4 25.
Qc3 Rad8 26. Rhg1 d4 27. Qg3 Ng6 28. h4 Bb8 29. Qf2 Qf4 30. h5 Qxf2 31. Rxf2 Ne5 32. Rfg2 g6 33. hxg6 Nxg6 34. Rg4 d3 35. Rd1 d2 36.
Rg2 Bf4 37. Bc3 Rd3 38. Kb2 Re1 39. Kc2 Rxd1 40. Kxd1 h5 41. Bxd2 h4 42. Ke2 Rxd2+ 43. Kf3 Rxg2 44. Kxg2 Bc1 45. b4 axb4 46. axb4 Ba3 47.
b5 cxb5 48. Nc3 Bxc5 49. Nxb5 b6 50. Nc7 Kg7 51. Nd5 Kh6 52. Kh3 f5 53. Nf6 Kg5 54. Nd5 f4 55. Kg2 Kf5 56. Nc3 Kg4 57. Ne4 h3+ 58.
Kh2 Ne5 59. Nf6+ Kf3 60. Nh5 Ng4+ 61. Kxh3 Nf2+ 62. Kh2 Ng4+ 63. Kh3 Bg1 64. Ng7 b5 65. Nf5 b4 66. Nd6 b3 67. Nc4 Ke2 68. Kxg4 f3 69. Kg3 f2 70. Kg2 f1=Q+ 71. Kh1 Bf2+ 72. Kh2 Qg1+ 73.
Kh3 Qg3# 0-1

[Event "Early-Titled-Tuesday-Blitz-May-28-2024"]
[Site "Chess.com"]
[Date "2024.05.28"]
[Round "1"]
[White "dinushkipremanath"]
[Black "aghasiyevkamal"]
[Result "0-1"]
[WhiteElo "2321"]
[BlackElo "2636"]
[TimeControl "180+1"]
[EndTime "8:08:41 PDT"]
[Termination "aghasiyevkamal won by checkmate"]

1. d4 d5 2. Nf3 Nf6 3. Bf4 e6 4. e3 Bd6 5. Bg3 c5 6. Nbd2 Nc6 7. Bb5 O-O 8. O-O Bxg3 9. hxg3 Qb6 10. Bxc6 bxc6 11. b3 cxd4 12. exd4 c5 13. dxc5 Qxc5 14.
c4 Ba6 15. Rc1 d4 16. Re1 Rad8 17. Ne4 Nxe4 18. Rxe4 Bb7 19. Re1 Rd6 20. Qd3 Rfd8 21. Re5 Qa3 22. Rc2 f6 23. Re1 e5 24. Nd2 Qa5 25. Kf1 Qc5 26. f3 a5 27. Ne4 Bxe4 28. Qxe4 d3 29. Rd2 Rd4 30. Qe3 Qb4 31. Red1 Qc3 32. f4 e4 33. g4 a4 34. bxa4 Rxc4 35.
f5 h6 36. Qb6 Qd4 37. Qxd4 Rdxd4 38. Kf2 Rxa4 39. Ke3 Rdc4 40. Rb1 Rc3 41. Rb8+ Kh7 42. Re8 Rc1 43. Kf4 Rf1+ 44. Kg3 Re1 45. Kf2 Rc1 46.
Ke3 Rcc4 47. Rb2 h5 48. Rbb8 Kh6 49. Rg8 Rxa2 50. g3 Re2+ 51. Kf4 Rf2+ 52. Ke3 Rf3+ 53. Kd2 Rc2+ 54. Kd1 hxg4 55. Rh8+ Kg5 56. Rh1 e3 57. Rbh8 Kxf5 58. R8h5+ g5 59. R5h2 Rff2 60. Rxf2+ Rxf2 61. Re1 Ke4 62. Kc1 d2+ 63. Kd1 dxe1=Q+ 64. Kxe1 Kd3 65. Kd1 Rf1# 0-1

[Event "Early-Titled-Tuesday-Blitz-May-28-2024"]
[Site "Chess.com"]
[Date "2024.05.28"]
[Round "1"]
[White "ajedrez-facil"]
[Black "N18player"]
[Result "1/2-1/2"]
[WhiteElo "2236"]
[BlackElo "2589"]
[TimeControl "180+1"]
[EndTime "8:08:42 PDT"]
[Termination "Game drawn by repetition"]

1. e4 e6 2. d4 c5 3. Nf3 cxd4 4. Nxd4 Nf6 5. Bd3 Nc6 6. Nb3 e5 7. Bg5 Be7 8. O-O d6 9. Nc3 Be6 10. Nd2 Rc8 11. Nc4 O-O 12. Ne3 Nd4 13. Bxf6 Bxf6 14. Ncd5 Bg5 15. c3 Nc6 16. Re1 Bxe3 17. Nxe3 Ne7 18. Bc2 Qb6 19. Bb3 Rfd8 20. Rb1 Qa5 21. Qd2 d5 22. Nxd5 Nxd5 23. exd5 Bxd5 24. Rxe5 Bxb3 25.
Rxa5 Rxd2 26. axb3 Re8 27. Rxa7 Rxb2 28. Rf1 Rxb3 29. c4 g6 30. Ra4 Re2 31. g3 Rc2 32. Kg2 h5 33. h4 Rbb2 34. Kf3 Kg7 35. Kg2 b6 36. Kf3 Kf6 37. Kg2 Kf5 38. Ra7 f6 39. Rc7 Rb4 40. Rc6 Rcxc4 41. Rxc4 Rxc4 42. Rb1 Rc6 43. Kf3 g5 44. Rb5+ Kg6 45. hxg5 fxg5 46. Kg2 Rf6 47. f3 h4 48. gxh4 gxh4 49. Kh3 Rxf3+ 50. Kxh4 Rf6 51. Kg4 Kf7 52. Kg5 Ke7 53. Rb4 Rc6 54. Kf5 Kd6 55. Ke4 Kc5 56. Rb1 b5 57. Kd3 Kb6 58.
Kd2 Rc4 59. Rc1 Rh4 60. Kc2 Rh3 61. Kb2 Ka5 62. Rg1 Ka4 63. Rg8 Rh2+ 64. Kb1 Rh3 65. Rg1 Kb3 66. Rf1 b4 67. Re1 Ka3 68. Rd1 Rh2 69.
Re1 Rb2+ 70. Ka1 Rb3 71. Rf1 Rd3 72. Re1 Kb3 73. Kb1 Kc3 74. Rf1 Kb3 75. Re1 Rd2 76. Rf1 Ka3 77. Re1 Rb2+ 78. Ka1 Rc2 79. Kb1 Rb2+ 1/2-1/2

[Event "Early-Titled-Tuesday-Blitz-May-28-2024"]
[Site "Chess.com"]
[Date "2024.05.28"]
[Round "1"]
[White "monomita"]
[Black "janhelmer03"]
[Result "1-0"]
[WhiteElo "2726"]
[BlackElo "2408"]
[TimeControl "180+1"]
[EndTime "8:08:43 PDT"]
[Termination "monomita won by resignation"]

1. Nf3 d5 2. e3 Nf6 3. b3 Bg4 4. h3 Bh5 5. Bb2 e6 6. g4 Bg6 7. Ne5 Nbd7 8. Nxg6 hxg6 9. Nc3 c6 10. Bg2 Be7 11. Ne2 Qc7 12. c4 a5 13. Qc2 a4 14.
cxd5 exd5 15. bxa4 Qa5 16. Nc3 Nb6 17. Rb1 O-O 18.
Ba1 Rfe8 19. O-O Nxa4 20. Rxb7 Nxc3 21. Bxc3 Qxa2 22. Rb2 Qa4 23. Rfb1 Qxc2 24. Rxc2 Ne4 25. Be5 Bh4 26. d4 Re6 27. f3 Nf6 28. Rb6 Ra3 29. e4 dxe4 30. fxe4 Nd7 31. Rbxc6 Rxc6 32. Rxc6 Nxe5 33.
dxe5 Bg3 34. Rc8+ Kh7 35. e6 fxe6 36. Bf1 e5 37. Bc4 Kh6 38. Kg2 Kg5 39. Rf8 Bf4 40. Rh8 Rg3+ 41. Kf2 Rc3 42. Be2 Bg3+ 43. Kg2 Kf4 44.
Rf8+ Kxe4 45. Bf3+ Rxf3 46. Rxf3 Bf4 47. Rf1 g5 48.
Re1+ Kd3 49. Kf3 e4+ 50. Rxe4 Bd2 51. Re6 Bc3 52. Rg6 Bf6 53. h4 gxh4 54. g5 Be5 55. Kg4 h3 56. Kxh3 Ke4 57. Kg4 Bd4 58.
Re6+ Be5 59. Ra6 Bd4 60. Ra4 Kd3 61. Kf5 Bc3 62. Ra6 Kc2 63. Kg6 Kd3 64. Ra3 Kc4 65. Rxc3+ Kxc3 66. Kxg7 1-0

[Event "Early-Titled-Tuesday-Blitz-May-28-2024"]
[Site "Chess.com"]
[Date "2024.05.28"]
[Round "1"]
[White "IMRosen"]
[Black "JoliyRoger"]
[Result "1/2-1/2"]
[WhiteElo "2770"]
[BlackElo "2446"]
[TimeControl "180+1"]
[EndTime "8:08:45 PDT"]
[Termination "Game drawn by repetition"]

1. d4 Nf6 2. Bf4 d5 3. e3 c5 4. Nf3 e6 5. Nbd2 Bd6 6. Bb5+ Nc6 7. O-O Qc7 8. Bxd6 Qxd6 9. dxc5 Qxc5 10. c4 O-O 11.
Rc1 Qb6 12. Qb3 Na5 13. Qa3 a6 14. Ba4 Nxc4 15. Nxc4 dxc4 16. Rxc4 Qa5 17. Qc3 Qxc3 18.
Rxc3 Nd5 19. Rcc1 b5 20. Bb3 Bb7 21. Rfd1 Rac8 22. Ne5 Rfd8 23. Kf1 Kf8 24. Rxc8 Rxc8 25. e4 Nb6 26. f3 Ke7 27. Ke2 a5 28. a3 f6 29. Nd3 e5 30. Rc1 Rxc1 31. Nxc1 Kd6 32. Kd2 Bc6 33. Bg8 h6 34. b4 a4 35. Ne2 Bd7 36.
Nc3 Bc6 37. Ba2 Bd7 38. Kd3 Bc6 39. g3 g5 40. Nd1 Bd7 41. Nc3 Bc6 42. h4 Bd7 43. Ke2 Bc6 44. Kf2 Bd7 45. Kg2 Bc6 46.
Kg1 Bd7 47. Kf2 Bc6 48. Ke3 Bd7 49. Kd3 Bc6 50. Kc2 Bd7 51. Bg8 Bc6 52. Nd1 Bd7 53. Ne3 Be6 54. Bxe6 Kxe6 55. h5 Kf7 56. Nf5 Nc4 57.
Nxh6+ Kf8 58. Nf5 Nxa3+ 59. Kc3 Nc4 60. h6 Kg8 61. Ne7+ Kh7 62. Nd5 Kg6 63. Nc7 Nd6 64. Ne6 Kxh6 65. Nd8 Kg6 66. g4 Kg7 67. Ne6+ Kf7 68.
Nc7 Ke7 69. Nd5+ Ke6 70. Nc7+ Kf7 71. Nd5 Ke6 72. Nc7+ Kf7 73. Nd5 Ke6 1/2-1/2

[Event "Early-Titled-Tuesday-Blitz-May-28-2024"]
[Site "Chess.com"]
[Date "2024.05.28"]
[Round "1"]
[White "DumbKing75"]
[Black "ab-lsv"]
[Result "1-0"]
[WhiteElo "2640"]
[BlackElo "2331"]
[TimeControl "180+1"]
[EndTime "8:08:45 PDT"]
[Termination "DumbKing75 won on time"]

1. e4 c6 2. d4 d5 3. e5 c5 4. Nf3 Nc6 5. dxc5 Bg4 6. Bb5 e6 7. Be3 a6 8. Bxc6+ bxc6 9. c3 Bxf3 10. Qxf3 Qb8 11. b4 Qxe5 12. O-O Nf6 13. Bd4 Qe4 14. Nd2 Qxf3 15. Nxf3 Be7 16. Ne5 Rc8 17. a4 O-O 18. f3 Rfd8 19. Rfe1 h6 20. Kf2 Nd7 21. Nd3 Rb8 22.
Rab1 Rb7 23. Re2 Bf6 24. g3 Rc8 25. h4 h5 26. Reb2 Kf8 27. Ke3 e5 28. Nf2 exd4+ 29. cxd4 Re8+ 30. Kd3 Reb8 31. Rb3 g6 32. Nd1 Bg7 33. Nc3 Re8 34. b5 axb5 35. axb5 cxb5 36. c6 Rc7 37. cxd7 Rxd7 38. Rxb5 Red8 39. Ra1 Bf6 40. Raa5 Rc8 41. Rxd5 Rcd8 42. Rxd7 Rxd7 43. Rd5 Ra7 44. Rd6 Kg7 45. Rc6 Ra3 46. Rc4 Be7 47. Ke4 Bb4 48. Kd3 Bd6 49. Ke4 Bb4 50. Rxb4 Rxc3 51. d5 Rc1 52. Rd4 Re1+ 53. Kd3 Kf8 54. d6 Ke8 55. Re4+ Rxe4 56. Kxe4 Kd7 57. Ke5 Kc6 58. Kf6 Kxd6 59. Kxf7 1-0

[Event "Early-Titled-Tuesday-Blitz-May-28-2024"]
[Site "Chess.com"]
[Date "2024.05.28"]
[Round "1"]
[White "Silvederione"]
[Black "Bauman_Guy"]
[Result "0-1"]
[WhiteElo "2512"]
[BlackElo "2921"]
[TimeControl "180+1"]
[EndTime "8:08:50 PDT"]
[Termination "Bauman_Guy won by checkmate"]

1. d4 Nf6 2. Nc3 d5 3. Bf4 a6 4. e3 c5 5. dxc5 Nc6 6. a3 e5 7. Bg5 d4 8. exd4 exd4 9. Ne4 Bf5 10. Nxf6+ gxf6 11. Bf4 Bxc5 12. Bd3 Qd5 13. Qe2+ Kd7 14. Qf3 Rae8+ 15. Ne2 Be4 16. Qh3+ f5 17. O-O Rhg8 18.
Ng3 Bxd3 19. cxd3 Rg4 20. Nh5 Be7 21. f3 Rg6 22. Ng3 Reg8 23. Rae1 Bg5 24. Bxg5 Rxg5 25. Rf2 Ne5 26. Ne4 R5g6 27. Qxf5+ Kc7 28. Ng3 f6 29. Kh1 Qb3 30. f4 Nc6 31. Qc5 Qxd3 32. Re7+ Kb8 33. Qd6+ Ka8 34. Re1 Rxg3 35. hxg3 Qxg3 36. Rfe2 Qh4+ 37.
Kg1 Qh5 38. Qd7 Ka7 39. Re7 Nxe7 40. Rxe7 Qd1+ 41. Kh2 Qh5+ 42. Kg1 Qb5 43. Qxd4+ Ka8 44.
Qd7 Qxb2 45. Re8+ Rxe8 46. Qxe8+ Ka7 47. Qe3+ Qb6 48. Kf2 Qxe3+ 49. Kxe3 b5 50. Ke4 a5 51. Kf5 b4 52. axb4 axb4 53. Kxf6 b3 54. Kg7 b2 55. f5 b1=Q 56. g4 Qe4 57. Kxh7 Qxg4 58. f6 Qf5+ 59. Kg7 Qg5+ 60. Kf7 Kb6 61. Ke6 Qe3+ 62. Kd6 Qd4+ 63. Ke6 Qe4+ 64. Kd6 Qf5 65.
Ke7 Qe5+ 66. Kf7 Kc6 67. Kg6 Kd7 68. f7 Ke7 69. Kh7 Kxf7 70. Kh6 Qc5 71. Kh7 Qh5# 0-1